 Dungeon Crawl Stone Soup version 0.26-a0-84-g8c18429211 (webtiles) character file.

Game seed: 6238506207511994668

142 MarredHen the Bolt Thrower (level 5, 0/32 HPs)
             Began as a Kobold Hunter on June 17, 2020.
             Slain by Natasha (6 damage)
             ... on level 3 of the Dungeon.
             The game lasted 00:06:49 (2862 turns).

MarredHen the Bolt Thrower (Kobold Hunter)          Turns: 2862, Time: 00:06:50

Health: 0/32       AC:  4    Str:  9    XL:     5   Next: 49%
Magic:  5/5        EV: 15    Int: 19    God:
Gold:   100        SH:  0    Dex: 16    Spells: 4/4 levels left

rFire    . . .     SeeInvis .   b - +0 short sword
rCold    . . .     Gourm    .   (shield restricted)
rNeg     . . .     Faith    .   c - +0 leather armour
rPois    .         Spirit   .   (no helmet)
rElec    .         Reflect  .   (no cloak)
rCorr    .         Harm     .   (no gloves)
MR       +....                  s - +0 pair of boots (curse)
Stlth    ++........             (no amulet)
HPRegen  0.10/turn              h - +6 ring of intelligence
MPRegen  0.09/turn              t - ring of protection from magic

@: no status effects
A: small, carnivore
a: no special abilities


You were on level 3 of the Dungeon.
You were very full.

You visited 1 branch of the dungeon, and saw 3 of its levels.

You collected 100 gold pieces.

Inventory:

Hand Weapons
 a - a +1 hand crossbow
 b - a +0 short sword (weapon)
Missiles
 d - 9 bolts
Armour
 c - a +0 leather armour (worn)
 s - a cursed +0 pair of boots (worn)
Jewellery
 h - a +6 ring of intelligence (left hand)
 t - a ring of protection from magic (right hand)
Scrolls
 g - a scroll of random uselessness {unknown}
 i - 2 scrolls of remove curse {unknown}
 j - 4 scrolls of enchant armour {unknown}
 m - a scroll of fog {unknown}
 n - a scroll of immolation {unknown}
 o - a scroll of noise {unknown}
 r - a scroll of magic mapping {unknown}
 u - a scroll of teleportation {unknown}
Potions
 e - a potion of cancellation {unknown}
 k - a potion of lignification
 l - a potion of curing
 p - 2 potions of haste {unknown}
 q - a potion of invisibility
Comestibles
 f - 4 rations


   Skills:
 + Level 3.0 Fighting
 - Level 1.1 Short Blades
 + Level 6.4 Crossbows
 - Level 0.4 Armour
 + Level 3.1 Dodging
 * Level 2.8 Stealth


You had 4 spell levels left.
You didn't know any spells.
Your spell library contained the following spells:

 Spells                   Type           Power        Failure   Level  Hunger
 Animate Skeleton         Necr           N/A          28%         1    ##.....
 Apportation              Tloc           #.....       28%         1    ##.....
 Corona                   Hex            #......      28%         1    ##.....
 Summon Small Mammal      Summ           #...         28%         1    ##.....


Dungeon Overview and Level Annotations

Branches:
Dungeon (3/15)

Altars:
Xom
Yredelemnul
The Shining One

Annotations:
D:3 Natasha


Innate Abilities, Weirdness & Mutations

You are small and have problems with some larger weapons.
You are carnivorous and can eat meat at any time.


Message History

The crimson imp disappears in a puff of smoke!
Natasha barely misses you.
You miss Natasha.
Natasha is moderately wounded.
Natasha misses you.
The white imp shouts, "Scamper away, thou bawdy tardy-gaited jarkman!"
You hit Natasha.
Natasha is moderately wounded.
Natasha barely misses you.
You hit Natasha.
Natasha is heavily wounded.
Natasha claws you!
* * * LOW HITPOINT WARNING * * *
You hit Natasha.
Natasha is severely wounded.
Natasha misses you.
You closely miss Natasha.
Natasha is severely wounded.
Natasha claws you.
You die...

...........>##..#........#
................+########'
..........................
...##.#....5........######
.. #..5###.........# #
#...# #.........# # #...#
#.........######
#...###...............
#..5h@'...........####
#######.........###
#.........# #.......###
######.......#
#.....#.......#
#.....#.......# #.
#.....#.......### # #.#
#.....#..†......######


You could see Natasha and a white imp (summoned).

Vanquished Creatures
  A human zombie (D:2)
  Natasha (D:3)
  An ooze (D:2)
  A dart slug (D:1)
  2 leopard geckos
  3 orcs (D:3)
  12 bats
  6 giant cockroaches
  10 goblins
  7 hobgoblins
  2 ball pythons (D:1)
  5 frilled lizards
  11 kobolds
  A kobold zombie (D:2)
  6 rats
69 creatures vanquished.

Notes
Turn   | Place    | Note
-------+----------+-------------------------------------------
     0 | D:1      | MarredHen the Kobold Hunter began the quest for the Orb.
     0 | D:1      | Reached XP level 1. HP: 12/12 MP: 1/1
    27 | D:1      | Reached skill level 5 in Crossbows
    65 | D:1      | Reached XP level 2. HP: 17/17 MP: 2/2
   424 | D:1      | Reached XP level 3. HP: 22/22 MP: 3/3
  1166 | D:2      | Reached skill level 1 in Short Blades
  1166 | D:2      | Reached skill level 6 in Crossbows
  1166 | D:2      | Reached XP level 4. HP: 6/27 MP: 4/4
  1171 | D:2      | Found a runed translucent door.
  1171 | D:2      | Noticed a human
  1177 | D:2      | Found a basalt altar of Yredelemnul.
  1972 | D:2      | Reached XP level 5. HP: 32/32 MP: 5/5
  2146 | D:2      | Found a glowing golden altar of the Shining One.
  2149 | D:2      | Found a shimmering altar of Xom.
  2243 | D:3      | Noticed Natasha
  2250 | D:3      | Killed Natasha
  2832 | D:3      | Noticed Natasha
  2862 | D:3      | Slain by Natasha

Illustrated notes

Levels and vault maps discovered:
D:1:      dpeg_arrival_water_temple_mockup, layout_basic, minmay_fountain_box
D:2:      layout_basic, gammafunk_temple_overflow_statue, dk_yredelemnul_ordeal
D:3:      layout_basic, makhleb_altar_promises_db, minmay_misc_feat_chi,
          minivault_11, uniq_natasha

Skill      XL: |  1  2  3  4  5 |
---------------+----------------+-----
Crossbows      | 5 6 |  6.4
Short Blades   | 1 |  1.1
Stealth        | 2 |  2.8
Dodging        | 3 |  3.1
Fighting       | 3 |  3.0
Armour         | |  0.4

Action                   |  1- 3 |  4- 6 || total
-------------------------+-------+-------++-------
Melee: Hand crossbow     |     7 |       ||     7
       Short sword       |    20 |    75 ||    95
 Fire: Hand crossbow     |    87 |    36 ||   123
  Use: Scroll            |       |     5 ||     5
 Stab: Sleeping          |       |     3 ||     3
  Eat: Chunk             |     5 |     7 ||    12
Armor: Leather armour    |    37 |    16 ||    53
Dodge: Dodged            |    60 |    56 ||   116

Table legend:
 A = Non-vault XP
 B = Vault XP
 C = Vault XP percentage of total XP
 D = Non-vault monster count
 E = Vault monster count
 F = Vault count percentage of total count
                 A         B        C        D         E       F
            +---------+---------+-------+---------+---------+-------
      Total |     119 |      84 |  41.4 |      66 |       3 |   4.3
            +---------+---------+-------+---------+---------+-------
        D:1 |      54 |       0 |   0.0 |      32 |       0 |   0.0
        D:2 |      41 |      49 |  54.4 |      22 |       2 |   8.3
        D:3 |      24 |      35 |  59.3 |      12 |       1 |   7.7
            +---------+---------+-------+---------+---------+-------
